 Dungeon Crawl Stone Soup version 0.31-a0-654-gbe3e110b4e (webtiles) character file.

Game seed: 2090898457888568393

135 holysushi the Trooper (level 5, -2/43 HPs)
             Began as a Formicid Monk on Aug 29, 2023.
             Was an Initiate of Gozag.
             Slain by a black bear (8 damage)
             ... on level 3 of the Dungeon.
             The game lasted 00:03:24 (1894 turns).

holysushi the Trooper (Formicid Monk)               Turns: 1894, Time: 00:03:24

Health: -2/43      AC:  6    Str: 15    XL:     5   Next: 41%
Magic:  5/5        EV: 13    Int: 10    God:    Gozag
Gold:   350        SH:  0    Dex: 18    Spells: 4/4 levels left

rFire   . . .        a - +0 spear
rCold   . . .        d - orb {light}
rNeg    . . .        b - +0 robe
rPois   .            (helmet unavailable)
rElec   .            (no cloak)
rCorr   .            (no gloves)
SInv    +            (no boots)
Will    .....        (no amulet)
Stlth   +            n - +4 ring of protection
HPRegen 0.27/turn    (no ring)
MPRegen 0.09/turn

%: no passive effects
@: glowing
A: permanent stasis, dig shafts and tunnels, antennae 3, four strong arms
a: Dig, Shaft Self, Renounce Religion, Potion Petition, Call Merchant, Bribe
Branch


You were on level 3 of the Dungeon.
You worshipped Gozag.
Gozag was aware of your devotion.
You visited 1 branch of the dungeon, and saw 3 of its levels.

You collected 350 gold pieces.

Inventory:

Hand Weapons
 a - a +0 spear (weapon)
Missiles
 i - 2 throwing nets
Armour
 b - a +0 robe (worn)
 d - an orb of light (worn)
Jewellery
 l - an amulet of magic regeneration
 n - a +4 ring of protection (left hand)
Scrolls
 e - a scroll of torment {unknown}
 f - 2 scrolls of teleportation {unknown}
 g - a scroll of enchant armour {unknown}
 h - a scroll of poison {unknown}
 j - a scroll of immolation {unknown}
 k - a scroll of identify {unknown}
 p - a scroll of amnesia {unknown}
 q - a scroll of brand weapon {unknown}
Potions
 c - a potion of ambrosia
 m - 2 potions of enlightenment {unknown}
 o - a potion of brilliance {unknown}


   Skills:
 + Level 4.5 Fighting
 + Level 4.0 Polearms
 + Level 3.6 Dodging


You had 4 spell levels left.
You didn't know any spells.
Your spell library contained the following spells:

 Spells                   Type           Power      Damage    Failure   Level
 Ensorcelled Hibernation  Hex/Ice        0%         N/A       50%         2
 Passwall                 Tmut/Erth      0%         N/A       50%         2
 Swiftness                Air            Unusable   N/A       N/A         3

Dungeon Overview and Level Annotations

Branches:
Dungeon (3/15) Zot: 16124

Altars:
Gozag

Shops:
D:1 =![:(=


Innate Abilities, Weirdness & Mutations

You cannot be hasted, slowed, berserked, paralysed or teleported.
You can dig through walls and to a lower floor.
You have a pair of large antennae on your head. (SInv)
Your four strong arms can wield two-handed weapons with a shield.


Message History

The black bear is heavily wounded.
The black bear closely misses you.
The black bear claws you but does no damage.
The black bear misses you.
You hit the black bear.
The black bear is severely wounded.
The black bear bites you. The black bear barely misses you.
The black bear claws you.
You hit the black bear.
The black bear is severely wounded.
The black bear barely misses you. x3
You hit the black bear but do no damage.
The black bear is severely wounded.
The black bear goes berserk!
You hit the black bear but do no damage.
The black bear is severely wounded.
The black bear misses you. The black bear closely misses you.
The black bear claws you but does no damage.
You barely miss the black bear.
The black bear is severely wounded.
The black bear barely misses you. The black bear claws you. x2
You are too injured to fight recklessly!
You hit the black bear.
The black bear is almost dead.
The black bear closely misses you.
The black bear claws you but does no damage.
The black bear closely misses you. The black bear bites you.
The black bear barely misses you. The black bear claws you.
* * * LOW HITPOINT WARNING * * *
You hit the black bear.
The black bear is almost dead.
The black bear bites you!
* * * LOW HITPOINT WARNING * * *
The black bear closely misses you.
The black bear claws you but does no damage.
You hit the black bear but do no damage.
The black bear is almost dead.
The black bear bites you!
You die...
Your body crumbles into a pile of gold.

..< .. #
#.)..#.# #
....#.##.....#.#
.......).#.....#
...##.#.....####
#,#.....#
###'####.##
#......#.#
#.....?#.#####
#.....h@.....#
#.....(#.###.#
####.###.# ..
... ## #...
..... #.....
#......


You could see a black bear (berserk).

Vanquished Creatures
  Natasha (twice) (D:2)
  An adder (D:2)
  A dart slug (D:1)
  7 orcs
  2 ball pythons (D:2)
  6 bats
  5 endoplasms
  5 giant cockroaches
  5 goblins
  9 hobgoblins
  3 jackals (D:2)
  3 quokkas
  A frilled lizard (D:1)
  8 kobolds
  3 rats
61 creatures vanquished.

Notes
Turn   | Place    | Note
-------+----------+-------------------------------------------
     0 | D:1      | holysushi the Formicid Monk began the quest for the Orb.
     0 | D:1      | Reached XP level 1. HP: 18/18 MP: 1/1
    84 | D:1      | Found Cisk's Distillery.
   101 | D:1      | Found Xeluomid's Antique Armour Shop.
   110 | D:1      | Reached XP level 2. HP: 24/24 MP: 2/2
   118 | D:1      | Found Tisyurch's Book Shoppe.
   219 | D:1      | Found Weahiff's One-of-a-Kind Rings.
   317 | D:1      | Found Ruriblesm's Weapon Boutique.
   359 | D:1      | Reached XP level 3. HP: 22/30 MP: 3/3
   435 | D:1      | Found Dataxtia's Jewellery Emporium.
   726 | D:2      | Found an opulent altar of Gozag.
   752 | D:2      | Became a worshipper of Gozag Ym Sagoz the Greedy
   932 | D:2      | Noticed Natasha
   944 | D:2      | Killed Natasha
   945 | D:2      | Reached XP level 4. HP: 18/37 MP: 4/4
  1567 | D:2      | Noticed Natasha
  1579 | D:2      | Killed Natasha
  1580 | D:2      | Reached XP level 5. HP: 26/43 MP: 5/5
  1875 | D:3      | Noticed a black bear
  1894 | D:3      | Slain by a black bear

Illustrated notes

Levels and vault maps discovered:
D:1:      dpeg_arrival_more_subterranean_lakeside_camping, layout_rooms,
          serial_shops, nicolae_shop_dealshenge,
          nicolae_shop_pleasant_corner_grove, shop,
          nicolae_shop_window_shopping, shop, st_stairs_10,
          nicolae_shop_unique_rings, grunt_decor_one_mirror
D:2:      layout_loops_ring, basic_altar, uniq_natasha
D:3:      layout_basic, grunt_decor_mini_mirrors,
          chequers_serial_rivers_large_a, minmay_misc_feat_rugged,
          chequers_serial_rivers_micro_e

Skill      XL: |  1  2  3  4  5 |
---------------+----------------+-----
Dodging        | 3 |  3.6
Fighting       | 4 |  4.5
Polearms       | 4 |  4.0

Action                     |  1- 3 |  4- 6 || total
---------------------------+-------+-------++-------
  Melee: Spear             |   116 |   124 ||   240
   Stab: Sleeping          |     1 |       ||     1
         Distracted        |       |     1 ||     1
 Armour: Robe              |    14 |    29 ||    43
  Dodge: Dodged            |    50 |    70 ||   120

Table legend: (Time is in decaauts)
 A = Elapsed time spent in this place.
 B = Non-inter-level travel time spent in this place.
 C = Inter-level travel time spent in this place.
 D = Time resting spent in this place.
 E = Time spent auto-exploring this place.
 F = Levels seen in this place.
 G = Mean time per level.
                   A        B        C        D        E       F      G
               +--------+--------+--------+--------+--------+-----+--------+
         Total |   1875 |   1832 |     43 |    128 |   1209 |   3 |  625.0 |
       Dungeon |   1875 |   1832 |     43 |    128 |   1209 |   3 |  625.0 |
               +--------+--------+--------+--------+--------+-----+--------+

Top non-repeatable levels by time:
     D:2: 937 daAuts
     D:1: 703 daAuts
     D:3: 234 daAuts
